 Dungeon Crawl Stone Soup version 0.27-a0-705-ga0013940fb (webtiles) character file.

Game seed: 3534425587169881439

23 porpoise the Conjurer (level 3, 0/19 HPs)
             Began as a Tengu Conjurer on Mar 23, 2021.
             Slain by an orc
             ... wielding a +0 flail
              (9 damage)
             ... on level 2 of the Dungeon.
             The game lasted 00:03:17 (1371 turns).

porpoise the Conjurer (Tengu Conjurer)              Turns: 1371, Time: 00:03:18

Health: 0/19       AC:  2    Str:  7    XL:     3   Next: 0%
Magic:  7/7        EV: 12    Int: 19    God:
Gold:   68         SH:  0    Dex: 12    Spells: 4/7 levels left

rFire    . . .     SeeInvis .   a - +0 rapier
rCold    . . .     Faith    .   (no shield)
rNeg     . . .     Spirit   .   g - +0 robe
rPois    .         Reflect  .   (helmet restricted)
rElec    .         Harm     .   (no cloak)
rCorr    .         Rampage  .   (no gloves)
Will     .....                  (boots unavailable)
Stlth    ++........             (no amulet)
HPRegen  0.06/turn              (no ring)
MPRegen  0.10/turn              (no ring)

@: no status effects
A: beak, talons 3
a: no special abilities


You were on level 2 of the Dungeon.
You visited 1 branch of the dungeon, and saw 2 of its levels.

You collected 68 gold pieces.

Inventory:

Hand Weapons
 a - a +0 rapier (weapon)
Missiles
 d - 11 bolts
 f - 20 sling bullets
 h - 27 stones
Armour
 g - a +0 robe (worn)
Scrolls
 b - a scroll of acquirement {unknown}
 c - a scroll of summoning {unknown}
 k - 2 scrolls of teleportation {unknown}
Potions
 e - a potion of invisibility {unknown}
 i - a potion of curing {unknown}
 j - a potion of degeneration {unknown}
 l - a potion of resistance {unknown}
 m - a potion of mutation {unknown}


   Skills:
 - Level 2.1 Dodging
 - Level 2.0 Stealth
 + Level 2.6 Spellcasting
 + Level 5.9 Conjurations


You had 4 spell levels left.
You knew the following spells:

 Your Spells              Type           Power      Damage    Failure   Level
a - Magic Dart            Conj           100%       1d8       1%          1
b - Searing Ray           Conj           50%        3d5       1%          2

Your spell library contained the following spells:

 Spells                   Type           Power      Damage    Failure   Level
 Dazzling Flash           Conj/Hex       26%        N/A       14%         3
 Fulminant Prism          Conj/Hex       6%         3d7       43%         4
 Iskenderun's Mystic Bla  Conj/Tloc      13%        2d5       43%         4


Dungeon Overview and Level Annotations

Branches:
Dungeon (2/15)

Altars:


Innate Abilities, Weirdness & Mutations

You have a beak for a mouth.
You have claws for feet.


Message History

You now have 68 gold pieces (gained 11).
A bat comes into view.
You see here a ball python corpse.
Casting: Magic Dart (safe; 1% risk of failure)
Confirm with . or Enter, or press ? or * to list all spells.
Aiming: Magic Dart (safe; 1% risk of failure)
Press: ? - help, Shift-Dir - straight line, f - bat
Aim: a bat (0% to evade)
The magic dart hits the bat.
You kill the bat!
You have reached level 3!
Your experience leads to an increase in your attributes!
Increase (S)trength, (I)ntelligence, or (D)exterity?
You feel clever.
You start resting.
Magic restored.
Found a stone staircase leading up.
An orc comes into view. It is wielding a +0 flail.
Casting: Magic Dart (safe; 1% risk of failure)
Confirm with . or Enter, or press ? or * to list all spells.
Aiming: Magic Dart (safe; 1% risk of failure)
Press: ? - help, Shift-Dir - straight line, f - orc
Aim: an orc, wielding a +0 flail (asleep, 0% to evade)
The magic dart hits the orc.
The orc is heavily wounded.
The orc shouts!
An orc comes into view. It is wielding a +0 club.
An orc warrior comes into view. It is wielding a +0 glaive.
There is a stone staircase leading up here.
You climb upwards.
There is a stone staircase leading down here.
Memorise Searing Ray, consuming 2 spell levels and leaving 4?
You start memorising the spell.
You continue memorising. x2
You finish memorising.
Spell assigned to 'b'.
Okay, then.
Unknown command.
You climb downwards.
The orc hits you with a +0 flail!
Ouch! That really hurt!
The orc hits you with a +0 flail!
You die...

..# #..†..##.##.#.#.#
### ###
#.....##.##.#.#.#.....
#
#).....†..#........?.o
###
#.....##..#.#.#.#.o..o
..# #.....##......#.#
### #.#
#########.#.....# #.#
#.#.#.### #.# #.#.#.#
#.# #.o@#.# #.#
#####.# #.####### #.#
#<....... ...
########.


You could see an orc.

Vanquished Creatures
  2 ball pythons
  A giant cockroach (D:1)
  3 goblins
  A hobgoblin (D:1)
  2 kobolds
  3 oozes
  A quokka (D:1)
  4 bats
  A frilled lizard (D:1)
  A rat (D:2)
19 creatures vanquished.

Notes
Turn   | Place    | Note
-------+----------+-------------------------------------------
     0 | D:1      | porpoise the Tengu Conjurer began the quest for the Orb.
     0 | D:1      | Reached XP level 1. HP: 10/10 MP: 4/4
   406 | D:1      | Reached XP level 2. HP: 15/15 MP: 3/6
  1327 | D:2      | Reached XP level 3. HP: 19/19 MP: 5/7
  1356 | D:2      | Noticed an orc warrior
  1370 | D:1      | Learned a level 2 spell: Searing Ray
  1371 | D:2      | Slain by an orc

Illustrated notes

Levels and vault maps discovered:
D:1:      sevenhm_arrival_forest_fort_large_2, layout_loops_corners,
          wad_floor_pattern_1, dk_noncrumbling_2, serial_bayou_crossing
D:2:      layout_loops_cross, minmay_surrounded, uniq_robin

Action                   || total
-------------------------++-------
Melee: Rapier            ||     5
 Cast: Magic Dart        ||    24
 Stab: Sleeping          ||     1
Armor: Robe              ||     1
Dodge: Dodged            ||     4

Table legend: (Time is in decaauts)
 A = Elapsed time spent in this place.
 B = Non-inter-level travel time spent in this place.
 C = Inter-level travel time spent in this place.
 D = Time resting spent in this place.
 E = Time spent auto-exploring this place.
 F = Levels seen in this place.
 G = Mean time per level.
                   A        B        C        D        E       F      G
               +--------+--------+--------+--------+--------+-----+--------+
         Total |   1383 |   1367 |     16 |    274 |    855 |   2 |  691.5 |
       Dungeon |   1383 |   1367 |     16 |    274 |    855 |   2 |  691.5 |
               +--------+--------+--------+--------+--------+-----+--------+

Top non-repeatable levels by time:
     D:1: 1188 daAuts
     D:2: 195 daAuts
